Predators vs Devils
Created - November 26, 2022 at 21:59
Goals
|
| Predators |
1 |
0 |
3 |
4 |
| Devils |
1 |
0 |
2 |
3 |
|
Shots
|
| Predators |
5 |
4 |
13 |
22 |
| Devils |
10 |
15 |
10 |
35 |
|
1st period
1. Predators , Mikael Granlund 8 (Alexander Ovechkin 8, Andy Miele 9) at 1:39
2. Devils , Tyler Ennis 4 (Nazem Kadri 9) at 7:24
Penalties :
Josh Morrissey (Nas) for High sticking (Minor) at 9:39, Scott Laughton (Nas) for Interference (Minor) at 13:25
2nd period
No Goal
Penalties :
No Penalty
3rd period
3. Devils , Kristopher Letang 3 (Jonathan Huberdeau 4, Marian Gaborik 4) at 2:50 (PP)
4. Devils , Eric Tangradi 3 (Anton Lander 3) at 7:20
5. Predators , Mark Pysyk 3 (Alexander Edler 4, Matt Stajan 3) at 9:24
6. Predators , Justin Abdelkader 4 (Matt Stajan 4, Alexander Edler 5) at 19:12
7. Predators , Matt Stajan 1 (Mark Pysyk 3) at 19:26
Penalties :
Matt Stajan (Nas) for Hooking (Minor) at 1:55, Brendan Gallagher (Nas) for Interference (Minor) at 5:11, Justin Faulk (Nas) for Goalie Interference (Minor) at 10:32, Jack Eichel (Nas) for Hooking (Minor) at 17:01, Matt Stajan (Nas) for Hooking (Minor) at 19:54
Goalie Stats
Kari Lehtonen (Nas), 32 saves from 35 shots - (0.914), W, 6-3-0, 59:54 minutes
Maxime Daigneault (N.J), 18 saves from 22 shots - (0.818), L, 6-2-2, 59:45 minutes
Players Stats for Predators
Player Name G A P +/- PIM S H SB GA TA FO MP PP MP PK MP
------------------------------------------------------------------------------------
Alexander Edler 0 2 2 3 0 0 1 2 1 0 0/0 28:21 0:00 7:15
Alexander Ovechkin 0 1 1 1 0 2 2 0 1 0 7/12 21:48 0:00 6:26
Andreas Englund 0 0 0 -1 0 0 1 0 0 2 0/0 14:35 0:00 1:21
Andy Miele 0 1 1 1 0 0 0 0 0 0 2/4 1:34 0:00 0:00
Brendan Gallagher 0 0 0 -1 2 2 0 0 0 0 0/0 15:36 0:00 2:02
Jack Eichel 0 0 0 0 2 1 2 0 0 0 6/14 15:50 0:00 0:30
Jaden Schwartz 0 0 0 -1 0 1 2 0 0 0 0/0 17:27 0:00 3:54
John Moore 0 0 0 3 0 2 0 1 0 2 0/0 28:08 0:00 6:57
Josh Morrissey 0 0 0 0 2 0 1 3 0 0 0/0 18:30 0:00 3:11
Justin Abdelkader 1 0 1 1 0 2 0 0 0 1 0/0 13:58 0:00 1:57
Justin Faulk 0 0 0 0 2 1 2 2 0 1 0/0 18:08 0:00 3:06
Mark Pysyk 1 1 2 1 0 1 1 1 0 0 1/1 10:34 0:00 0:00
Matt Stajan 1 2 3 1 4 5 5 0 0 0 8/21 17:38 0:00 0:00
Mattias Backman 0 0 0 -1 0 0 0 0 0 0 0/0 12:36 0:00 0:00
Mikael Granlund 1 0 1 1 0 2 1 1 0 0 2/2 22:14 0:00 6:40
Mike Brown 0 0 0 0 0 0 1 0 0 0 0/0 9:23 0:00 0:00
Nicolas Kerdiles 0 0 0 2 0 0 2 1 0 0 0/0 12:48 0:00 0:21
Scott Laughton 0 0 0 0 2 3 2 0 0 0 1/4 9:50 0:00 0:00
Players Stats for Devils
Player Name G A P +/- PIM S H SB GA TA FO MP PP MP PK MP
------------------------------------------------------------------------------------
Aleksander Barkov 0 0 0 0 0 5 1 0 1 0 6/6 13:34 0:01 0:00
Anton Lander 0 1 1 1 0 0 1 0 0 0 3/3 8:07 0:00 0:00
Anton Stralman 0 0 0 0 0 0 2 1 0 0 0/0 23:13 3:55 0:00
Brandon Carlo 0 0 0 0 0 0 1 0 0 0 0/1 16:31 0:00 0:00
Brayden Point 0 0 0 -2 0 4 0 1 0 0 8/15 16:13 5:06 0:00
Chris Stewart 0 0 0 1 0 1 1 0 0 0 0/0 8:14 0:00 0:00
Eric Tangradi 1 0 1 1 0 1 0 0 0 0 0/0 8:11 0:00 0:00
Jonathan Huberdeau 0 1 1 -2 0 2 1 0 1 1 0/0 16:15 5:06 0:00
Kristopher Letang 1 0 1 -1 0 1 0 0 1 0 0/0 25:50 6:20 0:00
Logan Shaw 0 0 0 -2 0 1 1 0 0 0 0/1 10:54 0:00 0:00
Marian Gaborik 0 1 1 -1 0 3 1 2 1 0 0/2 18:41 5:06 0:00
Matt Donovan 0 0 0 -1 0 1 3 0 0 0 0/0 17:17 4:35 0:00
Michael Del Zotto 0 0 0 -1 0 2 3 0 0 0 0/0 23:51 7:00 0:00
Nazem Kadri 0 1 1 -1 0 3 1 0 0 0 11/27 22:23 5:49 0:00
Nick Palmieri 0 0 0 0 0 0 3 1 1 0 2/2 22:03 5:48 0:00
Sven Baertschi 0 0 0 0 0 4 2 0 0 1 0/0 13:26 0:00 0:00
Thomas Hickey 0 0 0 -1 0 1 0 1 0 0 0/0 12:42 0:00 0:00
Tyler Ennis 1 0 1 -1 0 6 1 2 1 0 1/1 22:35 5:49 0:00
3 Stars
1 - Matt Stajan (Nas)
2 - Alexander Edler (Nas)
3 - Mark Pysyk (Nas)
Power Play
Predators - 0 on 0 Attempt(s) - 0.00%
Devils - 1 on 7 Attempt(s) - 14.29%
Penalty Kill
Predators - 6 on 7 Attempt(s) - 85.71%
- Score 0 goal in Penalty Kill
Devils - 0 on 0 Attempt(s) - 0.00%
- Score 0 goal in Penalty Kill
Team Stat
Predators - Hits : 23 - Faceoff Wins : 27 - Blocked Shots : 11 - Penalty Minutes : 14
Devils - Hits : 22 - Faceoff Wins : 31 - Blocked Shots : 8 - Penalty Minutes : 0
Official
Referees : Ian Walsh and Francois St. Laurent
Linesman : Matt MacPherson and Devin Berg
Game Notes
Andy Miele is injured at 4:54 of 1st period (Sore Left Knee)
Finance
Level 1 -- Attendance: 5718 (95.30%) -- Ticket Income $571,800
Level 2 -- Attendance: 5000 (100.00%) -- Ticket Income $300,000
Level 3 -- Attendance: 1839 (91.95%) -- Ticket Income $64,365
Level 4 -- Attendance: 3940 (98.50%) -- Ticket Income $98,500
Luxury Box -- Attendance: 907 (90.70%) -- Ticket Income $181,400
Game was played at the Prudential Center.
Total Attendance: 17404 (96.69%)
Total Ticket Income: $1,216,065
Other Income: $182,410
Total Income: $1,398,475
Predators
5 vs 5 Forward
Center Left Wing Right Wing Time % Phy DF OF
1 Andy Miele Alexander Ovechkin Mikael Granlund 40 1 2 2
2 Jack Eichel Jaden Schwartz Brendan Gallagher 30 1 2 2
3 Matt Stajan Nicolas Kerdiles Mark Pysyk 20 1 2 2
4 Scott Laughton Justin Abdelkader Mike Brown 10 1 2 2
5 vs 5 Defense
Defense Defense Time % Phy DF OF
1 Alexander Edler John Moore 40 1 2 2
2 Justin Faulk Josh Morrissey 30 1 2 2
3 Mattias Backman Andreas Englund 20 1 2 2
4 Alexander Edler John Moore 10 1 2 2
PowerPlay Forward
Center Left Wing Right Wing Time % Phy DF OF
1 Andy Miele Alexander Ovechkin Mikael Granlund 60 1 2 2
2 Jack Eichel Jaden Schwartz Brendan Gallagher 40 1 2 2
PowerPlay Defense
Defense Defense Time % Phy DF OF
1 Alexander Edler John Moore 60 1 2 2
2 Justin Faulk Josh Morrissey 40 1 2 2
Penalty Kill 4 Players Forward
Center Wing Time % Phy DF OF
1 Alexander Ovechkin Mikael Granlund 60 1 2 2
2 Brendan Gallagher Jaden Schwartz 40 1 2 2
Penalty Kill 4 Players Defense
Defense Defense Time % Phy DF OF
1 Alexander Edler John Moore 60 1 2 2
2 Justin Faulk Josh Morrissey 40 1 2 2
Penalty Kill - 3 Players Forward
Forward Time % Phy DF OF
1 Alexander Ovechkin 60 1 2 2
2 Mikael Granlund 40 1 2 2
Penalty Kill - 3 Players Defense
Defense Defense Time % Phy DF OF
1 Alexander Edler John Moore 60 1 2 2
2 Justin Faulk Josh Morrissey 40 1 2 2
4 vs 4 Forward
Center Wing Time % Phy DF OF
1 Alexander Ovechkin Mikael Granlund 60 1 2 2
2 Brendan Gallagher Jaden Schwartz 40 1 2 2
4 vs 4 Defense
Defense Defense Time % Phy DF OF
1 Alexander Edler John Moore 60 1 2 2
2 Justin Faulk Josh Morrissey 40 1 2 2
Last Minutes Offensive
Center Left Wing Right Wing Defense Defense
Andy Miele Alexander Ovechkin Mikael Granlund Alexander Edler John Moore
Last Minutes Defensive
Center Left Wing Right Wing Defense Defense
Andy Miele Alexander Ovechkin Mikael Granlund Alexander Edler John Moore
Goaltenders
Starting : Kari Lehtonen
Backup : Jaroslav Halak
Extra Forwards
Normal : Matt Stajan, Nicolas Kerdiles, Justin Abdelkader - PP : Matt Stajan, Nicolas Kerdiles - PK : Justin Abdelkader
Extra Defensemen
Normal : Mattias Backman, Andreas Englund, Justin Faulk - PP : Mattias Backman - PK : Andreas Englund, Justin Faulk
Penalty Shots
Alexander Ovechkin, Mikael Granlund, Brendan Gallagher, Jaden Schwartz, Andy Miele
Scratches
Nate Schmidt (Healthy), Ryan Mcdonagh (Broken Bone (Left Ankle) Injury)
Devils
5 vs 5 Forward
Center Left Wing Right Wing Time % Phy DF OF
1 Nazem Kadri Tyler Ennis Nick Palmieri 36 0 2 3
2 Aleksander Barkov Sven Baertschi Marian Gaborik 30 0 2 3
3 Brayden Point Jonathan Huberdeau Logan Shaw 26 0 2 3
4 Anton Lander Eric Tangradi Chris Stewart 8 0 2 3
5 vs 5 Defense
Defense Defense Time % Phy DF OF
1 Kristopher Letang Anton Stralman 40 0 3 2
2 Michael Del Zotto Brandon Carlo 34 0 3 2
3 Matt Donovan Thomas Hickey 26 0 3 2
4 Kristopher Letang Michael Del Zotto 0 0 3 2
PowerPlay Forward
Center Left Wing Right Wing Time % Phy DF OF
1 Nazem Kadri Tyler Ennis Nick Palmieri 60 0 1 4
2 Brayden Point Jonathan Huberdeau Marian Gaborik 40 0 1 4
PowerPlay Defense
Defense Defense Time % Phy DF OF
1 Kristopher Letang Michael Del Zotto 60 0 2 3
2 Anton Stralman Matt Donovan 40 0 2 3
Penalty Kill 4 Players Forward
Center Wing Time % Phy DF OF
1 Anton Lander Eric Tangradi 60 1 3 1
2 Nazem Kadri Tyler Ennis 40 1 3 1
Penalty Kill 4 Players Defense
Defense Defense Time % Phy DF OF
1 Anton Stralman Brandon Carlo 60 1 4 0
2 Michael Del Zotto Matt Donovan 40 1 4 0
Penalty Kill - 3 Players Forward
Forward Time % Phy DF OF
1 Nazem Kadri 60 1 3 1
2 Aleksander Barkov 40 1 3 1
Penalty Kill - 3 Players Defense
Defense Defense Time % Phy DF OF
1 Kristopher Letang Michael Del Zotto 60 1 4 0
2 Anton Stralman Matt Donovan 40 1 4 0
4 vs 4 Forward
Center Wing Time % Phy DF OF
1 Nazem Kadri Tyler Ennis 60 0 2 3
2 Aleksander Barkov Marian Gaborik 40 0 2 3
4 vs 4 Defense
Defense Defense Time % Phy DF OF
1 Kristopher Letang Anton Stralman 60 0 3 2
2 Michael Del Zotto Matt Donovan 40 0 3 2
Last Minutes Offensive
Center Left Wing Right Wing Defense Defense
Nazem Kadri Tyler Ennis Nick Palmieri Kristopher Letang Michael Del Zotto
Last Minutes Defensive
Center Left Wing Right Wing Defense Defense
Nazem Kadri Tyler Ennis Marian Gaborik Brandon Carlo Anton Stralman
Goaltenders
Starting : Maxime Daigneault
Backup : Tyler Weiman
Extra Forwards
Normal : Aleksander Barkov, Brayden Point, Anton Lander - PP : Aleksander Barkov, Eric Tangradi - PK : Aleksander Barkov
Extra Defensemen
Normal : Matt Donovan, Brandon Carlo, Thomas Hickey - PP : Matt Donovan - PK : Matt Donovan, Brandon Carlo
Penalty Shots
Tyler Ennis, Nazem Kadri, Marian Gaborik, Jonathan Huberdeau, Aleksander Barkov
Scratches
None
% Time on Ice - Predators
Lines # - Real PCT - Wanted PCT - Time Play
Normal Forward
1 - 39% - 40% - 19:03
2 - 28% - 30% - 13:22
3 - 17% - 20% - 8:03
4 - 16% - 10% - 7:57
Normal Defense
1 - 39% - 40% - 18:41
2 - 30% - 30% - 14:41
3 - 26% - 20% - 12:41
4 - 5% - 10% - 2:22
PP Forward
1 - 0% - 60%
2 - 0% - 40%
PP Defense
1 - 0% - 60%
2 - 0% - 40%
PK Forward
1 - 75% - 60% - 8:08
2 - 25% - 40% - 2:47
PK Defense
1 - 64% - 60% - 6:57
2 - 36% - 40% - 3:58
PK3 Forward
1 - 0% - 60%
2 - 0% - 40%
PK3 Defense
1 - 0% - 60%
2 - 0% - 40%
44 Forward
1 - 0% - 60%
2 - 0% - 40%
44 Defense
1 - 0% - 60%
2 - 0% - 40%
Last Minute Offensive - 0:12
Last Minute Defensive - 0:28
Total
Forward - 60:00
Defense - 60:00
|
% Time on Ice - Devils
Lines # - Real PCT - Wanted PCT - Time Play
Normal Forward
1 - 33% - 36% - 15:54
2 - 28% - 30% - 13:31
3 - 23% - 26% - 11:04
4 - 16% - 8% - 7:59
Normal Defense
1 - 39% - 40% - 19:07
2 - 34% - 34% - 16:39
3 - 26% - 26% - 12:42
4 - 0% - 0% - 0:00
PP Forward
1 - 53% - 60% - 5:49
2 - 47% - 40% - 5:06
PP Defense
1 - 64% - 60% - 7:00
2 - 36% - 40% - 3:55
PK Forward
1 - 0% - 60%
2 - 0% - 40%
PK Defense
1 - 0% - 60%
2 - 0% - 40%
PK3 Forward
1 - 0% - 60%
2 - 0% - 40%
PK3 Defense
1 - 0% - 60%
2 - 0% - 40%
44 Forward
1 - 0% - 60%
2 - 0% - 40%
44 Defense
1 - 0% - 60%
2 - 0% - 40%
Last Minute Offensive - 0:28
Last Minute Defensive - 0:09
Total
Forward - 60:00
Defense - 60:00
|
Play-by-Play
1st period
0:01 of 1st period - Andy Miele wins face-off versus Nazem Kadri in neutral zone.
0:27 of 1st period - Alexander Edler is hit by Sven Baertschi and loses puck.
0:40 of 1st period - Slapshot by Marian Gaborik.
0:40 of 1st period - Shot Misses the Net.
1:37 of 1st period - Slapshot by Mikael Granlund.
1:37 of 1st period - Shot Misses the Net.
1:39 of 1st period - Snap shot by Mikael Granlund.
1:39 of 1st period - Goal by Mikael Granlund - Predators : 1 - Devils : 0.
1:40 of 1st period - Aleksander Barkov wins face-off versus Andy Miele in neutral zone.
1:50 of 1st period - Off-side.
1:51 of 1st period - Brayden Point wins face-off versus Jack Eichel in neutral zone.
2:15 of 1st period - Icing by Jaden Schwartz.
2:16 of 1st period - Nazem Kadri wins face-off versus Andy Miele in Predators zone.
3:27 of 1st period - Kristopher Letang is hit by Scott Laughton and loses puck.
3:48 of 1st period - Snap shot by Andy Miele.
3:48 of 1st period - Shot Blocked by Nick Palmieri.
3:56 of 1st period - Snap shot by Andy Miele.
3:56 of 1st period - Shot Misses the Net.
4:06 of 1st period - Thomas Hickey is hit by Mark Pysyk and loses puck.
4:13 of 1st period - Slapshot by Alexander Edler.
4:13 of 1st period - Shot Blocked by Thomas Hickey.
4:52 of 1st period - Wrist shot by Sven Baertschi.
4:52 of 1st period - Stopped by Kari Lehtonen without a rebound.
4:53 of 1st period - Andy Miele wins face-off versus Marian Gaborik in Predators zone.
4:53 of 1st period - Andy Miele is hit by Michael Del Zotto.
4:54 of 1st period - Andy Miele from Predators is injured at 4:54 of 1st period (Sore Left Knee).
4:55 of 1st period - Aleksander Barkov wins face-off versus Matt Stajan in Predators zone.
5:08 of 1st period - Snap shot by Marian Gaborik.
5:08 of 1st period - Deflect By Aleksander Barkov.
5:08 of 1st period - Shot Misses the Net.
5:08 of 1st period - Puck is out of play.
5:09 of 1st period - Brayden Point wins face-off versus Matt Stajan in Predators zone.
5:12 of 1st period - Snap shot by Brayden Point.
5:12 of 1st period - Stopped by Kari Lehtonen without a rebound.
5:13 of 1st period - Matt Stajan wins face-off versus Logan Shaw in Predators zone.
5:45 of 1st period - Slapshot by Alexander Edler.
5:45 of 1st period - Shot Blocked by Tyler Ennis.
5:57 of 1st period - Snap shot by Alexander Ovechkin.
5:57 of 1st period - Stopped by Maxime Daigneault with a rebound.
6:09 of 1st period - Wrist shot by Jaden Schwartz.
6:09 of 1st period - Shot Hit the Post.
6:11 of 1st period - Slapshot by Jaden Schwartz.
6:11 of 1st period - Shot Misses the Net.
6:13 of 1st period - Slapshot by Alexander Edler.
6:13 of 1st period - Shot Blocked by Marian Gaborik.
6:15 of 1st period - Snap shot by Brendan Gallagher.
6:15 of 1st period - Stopped by Maxime Daigneault with a rebound.
6:17 of 1st period - Slapshot by Jack Eichel.
6:17 of 1st period - Stopped by Maxime Daigneault with a rebound.
6:39 of 1st period - Slapshot by Brayden Point.
6:39 of 1st period - Stopped by Kari Lehtonen with a rebound.
6:51 of 1st period - Slapshot by Scott Laughton.
6:51 of 1st period - Shot Misses the Net.
7:03 of 1st period - Matt Donovan is hit by Nicolas Kerdiles and loses puck.
7:24 of 1st period - Snap shot by Tyler Ennis.
7:24 of 1st period - Goal by Tyler Ennis - Predators : 1 - Devils : 1.
7:25 of 1st period - Matt Stajan wins face-off versus Marian Gaborik in neutral zone.
7:42 of 1st period - Snap shot by Mikael Granlund.
7:42 of 1st period - Shot Blocked by Marian Gaborik.
8:34 of 1st period - Nicolas Kerdiles is hit by Anton Lander.
8:50 of 1st period - Anton Stralman is hit by Alexander Ovechkin and loses puck.
9:07 of 1st period - Slapshot by Marian Gaborik.
9:07 of 1st period - Shot Misses the Net.
9:09 of 1st period - Slapshot by Sven Baertschi.
9:09 of 1st period - Stopped by Kari Lehtonen with a rebound.
9:11 of 1st period - Wrist shot by Aleksander Barkov.
9:11 of 1st period - Shot Misses the Net.
9:15 of 1st period - Snap shot by Marian Gaborik.
9:15 of 1st period - Stopped by Kari Lehtonen without a rebound.
9:16 of 1st period - Aleksander Barkov wins face-off versus Matt Stajan in Predators zone.
9:23 of 1st period - Slapshot by Aleksander Barkov.
9:23 of 1st period - Stopped by Kari Lehtonen with a rebound.
9:25 of 1st period - Snap shot by Sven Baertschi.
9:25 of 1st period - Stopped by Kari Lehtonen with a rebound.
9:27 of 1st period - Slapshot by Michael Del Zotto.
9:27 of 1st period - Shot Blocked by Josh Morrissey.
9:29 of 1st period - Slapshot by Brandon Carlo.
9:29 of 1st period - Shot Blocked by Mikael Granlund.
9:31 of 1st period - Slapshot by Michael Del Zotto.
9:31 of 1st period - Shot Blocked by Justin Faulk.
9:39 of 1st period - Minor Penalty to Josh Morrissey for High sticking.
9:40 of 1st period - Nick Palmieri wins face-off versus Alexander Ovechkin in Predators zone.
9:41 of 1st period - Slapshot by Tyler Ennis.
9:41 of 1st period - Deflect By Nazem Kadri.
9:41 of 1st period - Shot Blocked by John Moore.
9:41 of 1st period - Puck is out of play.
9:42 of 1st period - Nazem Kadri wins face-off versus Alexander Ovechkin in Predators zone.
10:39 of 1st period - Nazem Kadri is hit by Jaden Schwartz and loses puck.
10:52 of 1st period - Tyler Ennis is hit by Andreas Englund and loses puck.
11:09 of 1st period - Alexander Edler is hit by Marian Gaborik and loses puck.
11:39 of 1st period - Penalty to Josh Morrissey is over, Josh Morrissey is back on ice.
11:40 of 1st period - Michael Del Zotto is hit by Justin Faulk and loses puck.
12:32 of 1st period - Mark Pysyk is hit by Matt Donovan and loses puck.
12:48 of 1st period - Icing by Eric Tangradi.
12:49 of 1st period - Brayden Point wins face-off versus Alexander Ovechkin in Devils zone.
13:17 of 1st period - Slapshot by Matt Donovan.
13:17 of 1st period - Deflect By Nazem Kadri.
13:17 of 1st period - Stopped by Kari Lehtonen with a rebound.
13:19 of 1st period - Wrist shot by Matt Donovan.
13:19 of 1st period - Shot Misses the Net.
13:25 of 1st period - Minor Penalty to Scott Laughton for Interference.
13:26 of 1st period - Alexander Ovechkin wins face-off versus Nazem Kadri in Predators zone.
15:15 of 1st period - Jonathan Huberdeau is hit by Nicolas Kerdiles and loses puck.
15:25 of 1st period - Penalty to Scott Laughton is over, Scott Laughton is back on ice.
15:36 of 1st period - Slapshot by Scott Laughton.
15:36 of 1st period - Stopped by Maxime Daigneault without a rebound.
15:37 of 1st period - Anton Lander wins face-off versus Scott Laughton in Devils zone.
16:31 of 1st period - Josh Morrissey is hit by Jonathan Huberdeau and loses puck.
16:58 of 1st period - Anton Stralman is hit by Matt Stajan and loses puck.
17:07 of 1st period - Snap shot by Anton Lander.
17:07 of 1st period - Shot Blocked by Josh Morrissey.
17:09 of 1st period - Snap shot by Kristopher Letang.
17:09 of 1st period - Shot Misses the Net.
18:49 of 1st period - Snap shot by Logan Shaw.
18:49 of 1st period - Stopped by Kari Lehtonen without a rebound.
18:50 of 1st period - Brayden Point wins face-off versus Matt Stajan in Predators zone.
Goals for this period are 1 for Predators vs 1 for Devils.
Shots for this period are 5 for Predators vs 10 for Devils.
2nd period
0:01 of 2nd period - Mikael Granlund wins face-off versus Nazem Kadri in neutral zone.
0:13 of 2nd period - Slapshot by Alexander Edler.
0:13 of 2nd period - Shot Misses the Net.
0:15 of 2nd period - Slapshot by John Moore.
0:15 of 2nd period - Shot Misses the Net.
0:31 of 2nd period - Snap shot by Aleksander Barkov.
0:31 of 2nd period - Stopped by Kari Lehtonen with a rebound.
0:51 of 2nd period - Snap shot by Scott Laughton.
0:51 of 2nd period - Stopped by Maxime Daigneault without a rebound.
0:52 of 2nd period - Scott Laughton wins face-off versus Brayden Point in Devils zone.
1:07 of 2nd period - Wrist shot by Jonathan Huberdeau.
1:07 of 2nd period - Deflect By Logan Shaw.
1:07 of 2nd period - Shot Misses the Net.
1:07 of 2nd period - Puck is out of play.
1:08 of 2nd period - Nazem Kadri wins face-off versus Matt Stajan in Predators zone.
1:35 of 2nd period - Nick Palmieri is hit by Scott Laughton and loses puck.
2:19 of 2nd period - Snap shot by Tyler Ennis.
2:19 of 2nd period - Stopped by Kari Lehtonen without a rebound.
2:20 of 2nd period - Aleksander Barkov wins face-off versus Matt Stajan in Predators zone.
2:27 of 2nd period - Snap shot by Aleksander Barkov.
2:27 of 2nd period - Stopped by Kari Lehtonen without a rebound.
2:28 of 2nd period - Aleksander Barkov wins face-off versus Matt Stajan in Predators zone.
2:29 of 2nd period - Snap shot by Marian Gaborik.
2:29 of 2nd period - Stopped by Kari Lehtonen without a rebound.
2:30 of 2nd period - Aleksander Barkov wins face-off versus Matt Stajan in Predators zone.
2:33 of 2nd period - Snap shot by Aleksander Barkov.
2:33 of 2nd period - Stopped by Kari Lehtonen with a rebound.
5:05 of 2nd period - Snap shot by Matt Stajan.
5:05 of 2nd period - Stopped by Maxime Daigneault with a rebound.
5:07 of 2nd period - Slapshot by John Moore.
5:07 of 2nd period - Stopped by Maxime Daigneault with a rebound.
5:55 of 2nd period - Wrist shot by Sven Baertschi.
5:55 of 2nd period - Shot Misses the Net.
6:24 of 2nd period - Sven Baertschi is hit by Matt Stajan.
6:40 of 2nd period - Slapshot by Sven Baertschi.
6:40 of 2nd period - Stopped by Kari Lehtonen without a rebound.
6:41 of 2nd period - Nazem Kadri wins face-off versus Jack Eichel in Predators zone.
6:52 of 2nd period - Snap shot by Nick Palmieri.
6:52 of 2nd period - Shot Misses the Net.
6:54 of 2nd period - Wrist shot by Kristopher Letang.
6:54 of 2nd period - Deflect By Nazem Kadri.
6:54 of 2nd period - Shot Blocked by Josh Morrissey.
6:54 of 2nd period - Puck is out of play.
6:55 of 2nd period - Nazem Kadri wins face-off versus Jack Eichel in Predators zone.
7:02 of 2nd period - Wrist shot by Tyler Ennis.
7:02 of 2nd period - Stopped by Kari Lehtonen without a rebound.
7:03 of 2nd period - Jack Eichel wins face-off versus Nazem Kadri in Predators zone.
7:08 of 2nd period - Snap shot by Justin Faulk.
7:08 of 2nd period - Shot Misses the Net.
7:10 of 2nd period - Slapshot by Jack Eichel.
7:10 of 2nd period - Deflect By Brendan Gallagher.
7:10 of 2nd period - Stopped by Maxime Daigneault without a rebound.
7:11 of 2nd period - Jack Eichel wins face-off versus Nazem Kadri in Devils zone.
7:18 of 2nd period - Slapshot by Jack Eichel.
7:18 of 2nd period - Shot Blocked by Tyler Ennis.
7:36 of 2nd period - Mike Brown is hit by Anton Stralman and loses puck.
7:41 of 2nd period - Slapshot by Jonathan Huberdeau.
7:41 of 2nd period - Shot Misses the Net.
7:43 of 2nd period - Wrist shot by Brayden Point.
7:43 of 2nd period - Stopped by Kari Lehtonen with a rebound.
7:45 of 2nd period - Slapshot by Matt Donovan.
7:45 of 2nd period - Shot Blocked by Justin Faulk.
7:47 of 2nd period - Snap shot by Jonathan Huberdeau.
7:47 of 2nd period - Shot Misses the Net.
7:49 of 2nd period - Snap shot by Thomas Hickey.
7:49 of 2nd period - Shot Misses the Net.
8:03 of 2nd period - Jack Eichel is hit by Chris Stewart.
8:22 of 2nd period - Justin Abdelkader is hit by Anton Stralman and loses puck.
12:12 of 2nd period - Michael Del Zotto is hit by Josh Morrissey and loses puck.
12:51 of 2nd period - Anton Stralman is hit by Mike Brown and loses puck.
13:01 of 2nd period - Icing by Jack Eichel.
13:02 of 2nd period - Jack Eichel wins face-off versus Brandon Carlo in Predators zone.
13:21 of 2nd period - Mattias Backman is hit by Nick Palmieri and loses puck.
14:46 of 2nd period - Justin Abdelkader is hit by Brandon Carlo and loses puck.
14:59 of 2nd period - Mikael Granlund is hit by Nick Palmieri and loses puck.
15:55 of 2nd period - Andreas Englund is hit by Michael Del Zotto.
15:56 of 2nd period - Icing by Andreas Englund.
15:57 of 2nd period - Anton Lander wins face-off versus Scott Laughton in Predators zone.
16:31 of 2nd period - Wrist shot by Aleksander Barkov.
16:31 of 2nd period - Stopped by Kari Lehtonen with a rebound.
17:43 of 2nd period - Snap shot by Logan Shaw.
17:43 of 2nd period - Shot Misses the Net.
17:45 of 2nd period - Snap shot by Logan Shaw.
17:45 of 2nd period - Deflect By Brayden Point.
17:45 of 2nd period - Stopped by Kari Lehtonen without a rebound.
17:46 of 2nd period - Jack Eichel wins face-off versus Brayden Point in Predators zone.
17:46 of 2nd period - Jack Eichel is hit by Michael Del Zotto.
18:12 of 2nd period - Nick Palmieri is hit by Matt Stajan and loses puck.
18:37 of 2nd period - Aleksander Barkov is hit by Jack Eichel and loses puck.
18:45 of 2nd period - Icing by Aleksander Barkov.
18:46 of 2nd period - Brayden Point wins face-off versus Scott Laughton in Devils zone.
18:57 of 2nd period - Snap shot by Jonathan Huberdeau.
18:57 of 2nd period - Stopped by Kari Lehtonen without a rebound.
18:58 of 2nd period - Nazem Kadri wins face-off versus Matt Stajan in Predators zone.
19:03 of 2nd period - Wrist shot by Tyler Ennis.
19:03 of 2nd period - Deflect By Nick Palmieri.
19:03 of 2nd period - Shot Misses the Net.
19:03 of 2nd period - Puck is out of play.
19:04 of 2nd period - Nazem Kadri wins face-off versus Matt Stajan in Predators zone.
19:05 of 2nd period - Wrist shot by Tyler Ennis.
19:05 of 2nd period - Deflect By Nick Palmieri.
19:05 of 2nd period - Shot Misses the Net.
19:05 of 2nd period - Puck is out of play.
19:06 of 2nd period - Matt Stajan wins face-off versus Nazem Kadri in Predators zone.
19:13 of 2nd period - Slapshot by Nazem Kadri.
19:13 of 2nd period - Deflect By Nicolas Kerdiles.
19:13 of 2nd period - Stopped by Kari Lehtonen with a rebound.
19:15 of 2nd period - Backhand shot by Matt Donovan.
19:15 of 2nd period - Stopped by Kari Lehtonen with a rebound.
19:17 of 2nd period - Slapshot by Thomas Hickey.
19:17 of 2nd period - Shot Blocked by Mark Pysyk.
19:19 of 2nd period - Slapshot by Thomas Hickey.
19:19 of 2nd period - Stopped by Kari Lehtonen with a rebound.
19:21 of 2nd period - Slapshot by Matt Donovan.
19:21 of 2nd period - Shot Misses the Net.
19:23 of 2nd period - Snap shot by Tyler Ennis.
19:23 of 2nd period - Stopped by Kari Lehtonen without a rebound.
19:24 of 2nd period - Jack Eichel wins face-off versus Brayden Point in Predators zone.
19:40 of 2nd period - Snap shot by Logan Shaw.
19:40 of 2nd period - Shot Misses the Net.
19:55 of 2nd period - Nazem Kadri is hit by Matt Stajan.
Goals for this period are 0 for Predators vs 0 for Devils.
Shots for this period are 4 for Predators vs 15 for Devils.
3rd period
0:01 of 3rd period - Matt Stajan wins face-off versus Nazem Kadri in neutral zone.
0:19 of 3rd period - Icing by Matt Stajan.
0:20 of 3rd period - Brayden Point wins face-off versus Matt Stajan in Predators zone.
0:47 of 3rd period - Alexander Edler is hit by Matt Donovan and loses puck.
1:14 of 3rd period - Kristopher Letang is hit by Justin Faulk and loses puck.
1:19 of 3rd period - Snap shot by Justin Abdelkader.
1:19 of 3rd period - Stopped by Maxime Daigneault without a rebound.
1:20 of 3rd period - Mark Pysyk wins face-off versus Nazem Kadri in Devils zone.
1:50 of 3rd period - Backhand shot by Nick Palmieri.
1:50 of 3rd period - Shot Blocked by Nicolas Kerdiles.
1:55 of 3rd period - Minor Penalty to Matt Stajan for Hooking.
1:56 of 3rd period - Alexander Ovechkin wins face-off versus Brayden Point in Predators zone.
2:36 of 3rd period - Wrist shot by Jonathan Huberdeau.
2:36 of 3rd period - Shot Misses the Net.
2:38 of 3rd period - Snap shot by Marian Gaborik.
2:38 of 3rd period - Shot Blocked by Alexander Edler.
2:40 of 3rd period - Wrist shot by Marian Gaborik.
2:40 of 3rd period - Stopped by Kari Lehtonen with a rebound.
2:48 of 3rd period - Snap shot by Jonathan Huberdeau.
2:48 of 3rd period - Shot Blocked by Alexander Edler.
2:50 of 3rd period - Slapshot by Kristopher Letang.
2:50 of 3rd period - Goal by Kristopher Letang - Predators : 1 - Devils : 2.
2:51 of 3rd period - Jack Eichel wins face-off versus Nazem Kadri in neutral zone.
3:22 of 3rd period - Anton Stralman is hit by Matt Stajan and loses puck.
3:50 of 3rd period - Wrist shot by Scott Laughton.
3:50 of 3rd period - Stopped by Maxime Daigneault with a rebound.
4:25 of 3rd period - Snap shot by Tyler Ennis.
4:25 of 3rd period - Stopped by Kari Lehtonen with a rebound.
4:59 of 3rd period - Off-side.
5:00 of 3rd period - Nazem Kadri wins face-off versus Jack Eichel in neutral zone.
5:09 of 3rd period - Wrist shot by Tyler Ennis.
5:09 of 3rd period - Shot Misses the Net.
5:11 of 3rd period - Minor Penalty to Brendan Gallagher for Interference.
5:12 of 3rd period - Alexander Ovechkin wins face-off versus Nazem Kadri in Predators zone.
5:59 of 3rd period - Nazem Kadri is hit by Mikael Granlund and loses puck.
7:11 of 3rd period - Penalty to Brendan Gallagher is over, Brendan Gallagher is back on ice.
7:16 of 3rd period - Off-side.
7:17 of 3rd period - Anton Lander wins face-off versus Matt Stajan in neutral zone.
7:20 of 3rd period - Wrist shot by Eric Tangradi.
7:20 of 3rd period - Goal by Eric Tangradi - Predators : 1 - Devils : 3.
7:21 of 3rd period - Nazem Kadri wins face-off versus Jack Eichel in neutral zone.
7:46 of 3rd period - Alexander Edler is hit by Logan Shaw and loses puck.
8:12 of 3rd period - Alexander Edler is hit by Sven Baertschi.
8:32 of 3rd period - Wrist shot by Jaden Schwartz.
8:32 of 3rd period - Shot Misses the Net.
8:34 of 3rd period - Slapshot by Josh Morrissey.
8:34 of 3rd period - Deflect By Jaden Schwartz.
8:34 of 3rd period - Stopped by Maxime Daigneault without a rebound.
8:35 of 3rd period - Nazem Kadri wins face-off versus Jack Eichel in Devils zone.
8:35 of 3rd period - Nazem Kadri is hit by Jack Eichel.
9:01 of 3rd period - Jack Eichel is hit by Nick Palmieri and loses puck.
9:12 of 3rd period - Snap shot by Brendan Gallagher.
9:12 of 3rd period - Shot Misses the Net.
9:14 of 3rd period - Slapshot by Justin Faulk.
9:14 of 3rd period - Stopped by Maxime Daigneault without a rebound.
9:15 of 3rd period - Matt Stajan wins face-off versus Brayden Point in Devils zone.
9:18 of 3rd period - Wrist shot by Nicolas Kerdiles.
9:18 of 3rd period - Shot Blocked by Brayden Point.
9:22 of 3rd period - Slapshot by Matt Stajan.
9:22 of 3rd period - Stopped by Maxime Daigneault with a rebound.
9:24 of 3rd period - Slapshot by Alexander Edler.
9:24 of 3rd period - Deflect By Mark Pysyk.
9:24 of 3rd period - Goal by Mark Pysyk - Predators : 2 - Devils : 3.
9:25 of 3rd period - Brayden Point wins face-off versus Jack Eichel in neutral zone.
10:32 of 3rd period - Minor Penalty to Justin Faulk for Goalie Interference.
10:33 of 3rd period - Alexander Ovechkin wins face-off versus Nazem Kadri in Predators zone.
10:43 of 3rd period - Wrist shot by Nazem Kadri.
10:43 of 3rd period - Stopped by Kari Lehtonen without a rebound.
10:44 of 3rd period - Alexander Ovechkin wins face-off versus Nazem Kadri in Predators zone.
11:56 of 3rd period - Anton Stralman is hit by Jaden Schwartz and loses puck.
12:32 of 3rd period - Penalty to Justin Faulk is over, Justin Faulk is back on ice.
12:56 of 3rd period - Snap shot by Chris Stewart.
12:56 of 3rd period - Stopped by Kari Lehtonen with a rebound.
14:00 of 3rd period - Justin Abdelkader is hit by Matt Donovan and loses puck.
14:50 of 3rd period - Mike Brown is hit by Aleksander Barkov and loses puck.
15:27 of 3rd period - Icing by Justin Faulk.
15:28 of 3rd period - Mikael Granlund wins face-off versus Nazem Kadri in Predators zone.
15:28 of 3rd period - Mikael Granlund is hit by Nazem Kadri.
15:52 of 3rd period - Slapshot by Alexander Edler.
15:52 of 3rd period - Shot Hit the Post.
15:54 of 3rd period - Slapshot by Jack Eichel.
15:54 of 3rd period - Shot Blocked by Anton Stralman.
16:30 of 3rd period - Slapshot by Mikael Granlund.
16:30 of 3rd period - Stopped by Maxime Daigneault with a rebound.
16:32 of 3rd period - Snap shot by Alexander Ovechkin.
16:32 of 3rd period - Stopped by Maxime Daigneault with a rebound.
16:52 of 3rd period - Wrist shot by Jonathan Huberdeau.
16:52 of 3rd period - Stopped by Kari Lehtonen without a rebound.
16:53 of 3rd period - Brayden Point wins face-off versus Jack Eichel in Predators zone.
17:01 of 3rd period - Minor Penalty to Jack Eichel for Hooking.
17:02 of 3rd period - Alexander Ovechkin wins face-off versus Nazem Kadri in Predators zone.
17:10 of 3rd period - Mikael Granlund is hit by Tyler Ennis and loses puck.
17:17 of 3rd period - Snap shot by Tyler Ennis.
17:17 of 3rd period - Stopped by Kari Lehtonen with a rebound.
17:26 of 3rd period - Icing by Kristopher Letang.
17:27 of 3rd period - Nick Palmieri wins face-off versus Alexander Ovechkin in Devils zone.
17:32 of 3rd period - Slapshot by Michael Del Zotto.
17:32 of 3rd period - Stopped by Kari Lehtonen without a rebound.
17:33 of 3rd period - Tyler Ennis wins face-off versus Alexander Ovechkin in Predators zone.
18:09 of 3rd period - Slapshot by Marian Gaborik.
18:09 of 3rd period - Shot Misses the Net.
18:40 of 3rd period - Michael Del Zotto is hit by Alexander Ovechkin and loses puck.
19:01 of 3rd period - Penalty to Jack Eichel is over, Jack Eichel is back on ice.
19:06 of 3rd period - Predators, Kari Lehtonen is pulled from the net.
19:06 of 3rd period - Wrist shot by Nicolas Kerdiles.
19:06 of 3rd period - Shot Misses the Net.
19:08 of 3rd period - Snap shot by Alexander Edler.
19:08 of 3rd period - Shot Misses the Net.
19:10 of 3rd period - Wrist shot by Alexander Edler.
19:10 of 3rd period - Shot Misses the Net.
19:12 of 3rd period - Wrist shot by Matt Stajan.
19:12 of 3rd period - Deflect By Justin Abdelkader.
19:12 of 3rd period - Goal by Justin Abdelkader - Predators : 3 - Devils : 3.
19:12 of 3rd period - Kari Lehtonen from Predators was sent back in the game.
19:13 of 3rd period - Matt Stajan wins face-off versus Brayden Point in neutral zone.
19:22 of 3rd period - Wrist shot by Matt Stajan.
19:22 of 3rd period - Stopped by Maxime Daigneault without a rebound.
19:23 of 3rd period - Matt Stajan wins face-off versus Brayden Point in Devils zone.
19:24 of 3rd period - Wrist shot by Mark Pysyk.
19:24 of 3rd period - Shot Misses the Net.
19:26 of 3rd period - Wrist shot by Matt Stajan.
19:26 of 3rd period - Goal by Matt Stajan - Predators : 4 - Devils : 3.
19:27 of 3rd period - Matt Stajan wins face-off versus Nazem Kadri in neutral zone.
19:32 of 3rd period - Snap shot by Mikael Granlund.
19:32 of 3rd period - Shot Misses the Net.
19:34 of 3rd period - Wrist shot by Alexander Edler.
19:34 of 3rd period - Shot Misses the Net.
19:36 of 3rd period - Wrist shot by John Moore.
19:36 of 3rd period - Stopped by Maxime Daigneault with a rebound.
19:38 of 3rd period - Slapshot by Alexander Edler.
19:38 of 3rd period - Deflect By Matt Stajan.
19:38 of 3rd period - Stopped by Maxime Daigneault without a rebound.
19:39 of 3rd period - Dave Tippett call a timeout for Devils.
19:39 of 3rd period - Nazem Kadri wins face-off versus Matt Stajan in Devils zone.
19:39 of 3rd period - Nazem Kadri is hit by Alexander Edler.
19:45 of 3rd period - Devils, Maxime Daigneault is pulled from the net.
19:45 of 3rd period - Slapshot by Michael Del Zotto.
19:45 of 3rd period - Stopped by Kari Lehtonen with a rebound.
19:54 of 3rd period - Minor Penalty to Matt Stajan for Hooking.
19:55 of 3rd period - Alexander Ovechkin wins face-off versus Nazem Kadri in Predators zone.
Goals for this period are 3 for Predators vs 2 for Devils.
Shots for this period are 13 for Predators vs 10 for Devils.